 Dungeon Crawl Stone Soup version 0.16-a0-1183-g5b05a17 (webtiles) character file.

2092 Deemzul the Covert (level 9, -6/51 HPs)
             Began as an Octopode Fire Elementalist on Oct 10, 2014.
             Was a Believer of Vehumet.
             Mangled by a wolf (10 damage)
             ... led by Grum
             ... on level 8 of the Dungeon.
             The game lasted 00:20:23 (8445 turns).

Deemzul the Covert (Octopode Fire Elementalist)     Turns: 8445, Time: 00:20:24

Health: -6/51      AC:  1    Str:  7    XL:     9   Next: 27%
Magic:  14/22      EV: 12    Int: 21    God:    Vehumet [**....]
Gold:   429        SH:  0    Dex: 12    Spells: 4 memorised, 6 levels left

rFire  + . .     SeeInvis +     t - +0 dagger (speed)
rCold  x . .     Clarity  .     (no shield)
rNeg   + . .     SustAb   .     (helmet restricted)
rPois  .         Gourm    .     A - amulet of warding
rElec  .         Spirit   .     l - ring of fire
rCorr  .         Warding  +     v - cursed ring of see invisible
rMut   .         Stasis   .     (no ring)
MR     .....                    (no ring)
Stlth  +++++.....               (no ring)
                                (no ring)
                                (no ring)
                                (no ring)

@: very slightly contaminated, hasted, very quick, not resistant to hostile
enchantments, quite stealthy
A: almost no armour, amphibious, 8 rings, constrict 8, camouflage 1, blurry
vision 1, wild magic 2, gelatinous body 1
a: Renounce Religion


You were on level 8 of the Dungeon.
You worshipped Vehumet.
Vehumet was pleased with you.
You were hungry.

You visited 2 branches of the dungeon, and saw 9 of its levels.

You collected 429 gold pieces.

Inventory:

Hand weapons
 p - a +0 blowgun
 t - a +0 dagger of speed (weapon)
Missiles
 j - 26 stones (quivered)
 n - 14 poisoned needles
Magical devices
 s - a wand of lightning (7)
 x - a wand of random effects (34)
 B - a wand of random effects (28)
 C - a wand of slowing (33)
Comestibles
 c - 8 bread rations
 f - 2 slices of pizza
 o - 6 meat rations
Scrolls
 a - a scroll of fog {unknown}
 d - 3 scrolls of magic mapping {unknown}
 e - 2 scrolls of teleportation
 g - 9 scrolls of identify
 h - a scroll of immolation {unknown}
 k - 6 scrolls of remove curse
 y - a scroll of recharging {unknown}
Jewellery
 l - a ring of fire (left tentacle)
 v - a cursed ring of see invisible (right tentacle)
 A - an amulet of warding (around mantle)
Potions
 i - 4 potions of curing {unknown}
 m - a potion of poison {unknown}
 q - a potion of porridge
 r - a potion of resistance {unknown}
 u - a potion of haste
 z - a potion of lignification {unknown}
 E - a potion of brilliance {unknown}
Books
 b - a book of Flames

   Spells                             Type                      Level
   *Flame Tongue                      Conjuration/Fire             1
   Throw Flame                        Conjuration/Fire             2
   *Conjure Flame                     Conjuration/Fire             3
   Inner Flame                        Hexes/Fire                   3
   *Sticky Flame                      Conjuration/Fire             4
   *Fireball                          Conjuration/Fire             5
 D - a book of Control

   Spells                             Type                      Level
   Control Teleport                   Charms/Translocation         4
   Control Undead                     Necromancy                   4
   Enslavement                        Hexes                        4
   Metabolic Englaciation             Hexes/Ice                    5
   Mass Confusion                     Hexes                        6


   Skills:
 - Level 2.0 Dodging
 + Level 8.9 Stealth
 + Level 5.8 Spellcasting
 + Level 6.0 Conjurations
 + Level 6.5 Fire Magic


You had 6 spell levels left.
You knew the following spells:

 Your Spells              Type           Power        Failure   Level  Hunger
a - Flame Tongue          Conj/Fire      #####        8%          1    None
b - Conjure Flame         Conj/Fire      #######.     14%         3    ##.....
c - Sticky Flame          Conj/Fire      #######.     32%         4    ####...
d - Fireball              Conj/Fire      #######...   54%         5    #####..


Dungeon Overview and Level Annotations

Branches:
Dungeon (8/15)             Temple (1/1) D:5            Lair (0/8) D:8

Altars:
Ashenzari
Cheibriados
Dithmenos
Elyvilon
Fedhas
Gozag
Kikubaaqudgha
Makhleb
Okawaru
Qazlal
Ru
Sif Muna
Trog
Vehumet
Xom
Zin
The Shining One

Shops:
D:6 [

Annotations:
D:4 Dowan, Duvessa
D:8 Grum, Psyche


Innate Abilities, Weirdness & Mutations

You cannot wear most types of armour.
You are amphibious.
You can wear up to eight rings at the same time.
You can use your tentacles to constrict many enemies at once.
Your skin changes colour to match your surroundings (Stealth).
Your rubbery body absorbs attacks (AC +1).
Your vision is a little blurry.
Your spells are harder to cast, but more powerful.


Message History

Confirm with . or Enter, or press ? or * to list all spells.
Okay, then.
Unknown command.
Casting: Flame Tongue
Confirm with . or Enter, or press ? or * to list all spells.
Aiming: Flame Tongue
Press: ? - help, Shift-Dir - straight line, f - wolf, p - Grum
Aim: a wolf You feel a surge of power!
The flame tongue misses the wolf.
The flame tongue hits Grum.
Grum is lightly wounded.
The wolf bites you but does no damage. The wolf closely misses you.
Grum hits you from afar with a halberd!!
The wolf bites you!
* * * LOW HITPOINT WARNING * * *
Drink which item? (? for menu, Esc to quit)
You feel yourself speed up. The wolf bites you.
* * * LOW HITPOINT WARNING * * *
The wolf bites you!
You die...

..# #.........#
..# ..#
#......(#.##..# ##
###
#.....).......#...
####..##..........
#..##...........
##..##..[.....<..
...##..###+##+#.
###..#..###....#
##.#@....#.
#Sh#........#
##g#.........
#............
+...[.......#
##..........
#........#
...>.....
####.....


You could see Grum, a wolf and an adder.

Vanquished Creatures
  A deep elf fighter (D:6)
  A wolf (D:8)
  An ice beast (D:5)
  An orc warrior (D:6)
  2 phantoms
  5 ogres
  2 centaurs
  A giant frog (D:6)
  A big kobold (D:5)
  2 hippogriff skeletons
  A giant frog zombie (D:5)
  A crimson imp (D:6)
  A hound (D:4)
  A giant frog skeleton (D:4)
  2 orc wizards
  A quasit (D:5)
  3 worker ants
  An iguana (D:5)
  An ogre zombie (D:6)
  An ogre skeleton (D:7)
  7 gnolls
  5 adders
  A giant mite (D:1)
  A goliath beetle zombie (D:5)
  3 worms
  An adder zombie (D:5)
  An iguana skeleton (D:5)
  An orc zombie (D:6)
  3 oozes
  5 giant geckos
  22 orcs
  3 ball pythons
  A bat skeleton (D:4)
  17 goblins
  15 hobgoblins
  20 kobolds
  19 bats
  4 giant cockroaches
  A giant gecko skeleton (D:4)
  5 giant newts
  A giant spore (D:7)
  A goblin skeleton (D:4)
  10 jackals
  2 kobold skeletons
  A kobold zombie (D:5)
  3 quokkas
  15 rats
  A ballistomycete (D:7)
  2 butterflies (D:6)
201 creatures vanquished.

Notes
Turn   | Place    | Note
--------------------------------------------------------------
     0 | D:1      | Deemzul, the Octopode Fire Elementalist, began the quest for the Orb.
     0 | D:1      | Reached XP level 1. HP: 11/11 MP: 3/3
   167 | D:1      | Reached XP level 2. HP: 13/17 MP: 1/4
   455 | D:1      | Reached XP level 3. HP: 21/21 MP: 0/6
   862 | D:2      | Reached XP level 4. HP: 24/27 MP: 5/8
  1621 | D:3      | Reached skill level 4 in Stealth
  1845 | D:3      | Reached XP level 5. HP: 17/31 MP: 1/10
  2140 | D:3      | Found a glowing golden altar of the Shining One.
  2273 | D:3      | Learned a level 3 spell: Conjure Flame
  2496 | D:3      | Gained mutation: Your vision is a little blurry. [potion of mutation]
  2496 | D:3      | Gained mutation: Your spells are a little harder to cast, but a little more powerful. [potion of mutation]
  2496 | D:3      | Gained mutation: Your spells are harder to cast, but more powerful. [potion of mutation]
  2693 | D:4      | Noticed Duvessa
  2693 | D:4      | Noticed Dowan
  3055 | D:4      | Noticed a phantom
  3066 | D:4      | Reached XP level 6. HP: 20/36 MP: 4/13
  3088 | D:4      | Killed a phantom
  3088 | D:4      | Reached skill level 5 in Stealth
  3289 | D:4      | Found a shadowy altar of Dithmenos.
  3634 | D:5      | Entered Level 5 of the Dungeon
  3858 | D:5      | Found a snail-covered altar of Cheibriados.
  4061 | D:5      | Noticed a steam dragon
  4386 | D:5      | Reached XP level 7. HP: 39/41 MP: 11/15
  4997 | D:5      | Reached skill level 6 in Stealth
  5139 | D:5      | Found a staircase to the Ecumenical Temple.
  5164 | Temple   | Entered the Ecumenical Temple
  5197 | Temple   | Became a worshipper of Vehumet
  5317 | D:5      | Found a stormy altar of Qazlal.
  5317 | D:5      | Noticed a water elemental
  5320 | D:5      | Noticed a fire elemental
  5320 | D:5      | Noticed an air elemental
  5369 | D:5      | Reached skill level 5 in Fire Magic
  5871 | D:6      | Reached XP level 8. HP: 46/46 MP: 13/18
  6005 | D:6      | Reached skill level 7 in Stealth
  6143 | D:6      | Found a shimmering altar of Xom.
  6349 | D:6      | Acquired Vehumet's first power
  6349 | D:6      | Offered knowledge of Sting by Vehumet.
  6362 | D:6      | Learned a level 4 spell: Sticky Flame
  6426 | D:6      | Found a bloodstained altar of Trog.
  6613 | D:6      | Noticed a deep elf fighter
  6620 | D:6      | Killed a deep elf fighter
  6620 | D:6      | Reached skill level 5 in Conjurations
  6724 | D:6      | Found Koonount's Antique Armour Emporium.
  6961 | D:6      | Reached skill level 5 in Spellcasting
  7414 | D:7      | Reached skill level 8 in Stealth
  7806 | D:7      | Reached XP level 9. HP: 45/51 MP: 17/21
  7821 | D:7      | Learned a level 5 spell: Fireball
  7897 | D:7      | Offered knowledge of Magic Dart by Vehumet.
  8269 | D:8      | Found a staircase to the Lair.
  8294 | D:8      | Noticed Psyche
  8434 | D:8      | Noticed Grum
  8445 | D:8      | Mangled by a wolf

Action                   |  1- 3 |  4- 6 |  7- 9 || total
-------------------------+-------+-------+-------++-------
Melee: Unarmed           |    15 |    10 |       ||    25
       Long sword        |       |     7 |       ||     7
       Dagger            |       |     9 |    71 ||    80
 Cast: Flame Tongue      |    57 |   148 |   223 ||   428
       Conjure Flame     |       |       |     2 ||     2
  Use: Scroll            |       |     6 |     2 ||     8
       Potion            |       |     3 |     1 ||     4
 Stab: Sleeping          |     1 |       |       ||     1
  Eat: Chunk             |       |    10 |    13 ||    23
